 Dungeon Crawl Stone Soup version 0.20.0-15-g7f486f2 (webtiles) character file.

232 Chiseanne the Magician (level 5, -1/35 HPs)
             Began as a Demonspawn Wizard on June 15, 2017.
             Killed by nerve-wracking pain
             ... invoked by Grinder
              (12 damage)
             ... on level 3 of the Dungeon.
             The game lasted 00:06:30 (3969 turns).

Chiseanne the Magician (Demonspawn Wizard)          Turns: 3969, Time: 00:06:30

Health: -1/35      AC:  4    Str:  7    XL:     5   Next: 73%
Magic:  2/12       EV: 12    Int: 20    God:
Gold:   94         SH:  0    Dex: 12    Spells: 4/13 levels left

rFire    . . .     SeeInvis .   a - +1 dagger (venom)
rCold    . . .     Gourm    .   (no shield)
rNeg     . . .     Faith    .   g - +0 leather armour
rPois    +         Spirit   .   m - +0 helmet
rElec    .         Reflect  .   (no cloak)
rCorr    .         Harm     .   (no gloves)
MR       .....                  (no boots)
Stlth    ++........             (no amulet)
Regen    0.2/turn               e - ring of poison resistance
MPRegen  0.2/turn               (no ring)

@: no status effects
A: sturdy frame 1
a: no special abilities


You were on level 3 of the Dungeon.
You were not hungry.

You visited 1 branch of the dungeon, and saw 3 of its levels.

You collected 94 gold pieces.

Inventory:

Hand Weapons
 a - a +1 dagger of venom (weapon)
Missiles
 b - a throwing net
 c - 19 bolts
 h - 97 stones (quivered)
 k - 2 tomahawks
 l - 49 sling bullets
Armour
 g - a +0 leather armour (worn)
 m - a +0 helmet (worn)
Jewellery
 e - a ring of poison resistance (left hand)
Scrolls
 p - a scroll of immolation
Potions
 i - a potion of agility {unknown}
 n - a potion of brilliance {unknown}
 o - a potion of haste {unknown}
 q - a potion of curing
Comestibles
 d - 2 bread rations
 f - 3 royal jellies
 j - 3 fruits
 r - a meat ration
 s - 6 chunks of flesh


   Skills:
 - Level 1.7 Dodging
 - Level 1.7 Stealth
 * Level 4.8 Spellcasting
 * Level 4.0 Conjurations
   Level 1.0 Summonings
 - Level 0.8 Translocations


You had 4 spell levels left.
You knew the following spells:

 Your Spells              Type           Power        Failure   Level  Hunger
a - Magic Dart            Conj           ###.         2%          1    None
b - Blink                 Tloc           N/A          14%         2    #......
c - Conjure Flame         Conj/Fire      ##......     17%         3    ##.....
d - Mephitic Cloud        Conj/Pois/Air  ##......     22%         3    ##.....


Dungeon Overview and Level Annotations

Branches:
Dungeon (3/15)

Altars:
Ru
Zin

Annotations:
D:3 Grinder


Innate Abilities, Weirdness & Mutations

Your movements are slightly less encumbered by armour. (ER -2)


Message History

You hit Grinder.
Grinder looks as sick as possible!
Grinder is severely wounded.
Grinder hits you.
You writhe in agony.
You hit Grinder but do no damage.
Grinder is severely wounded.
Grinder hits you but does no damage.
You hit Grinder but do no damage.
Grinder is severely wounded.
Grinder hits you.
You writhe in agony.
* * * LOW HITPOINT WARNING * * *
Casting: Magic Dart
Confirm with . or Enter, or press ? or * to list all spells.
Aiming: Magic Dart
Press: ? - help, Shift-Dir - straight line, f/p - Grinder
Aim: Grinder (severely wounded, poisoned)
The magic dart hits Grinder.
Grinder is severely wounded.
Grinder gestures at you. Pain shoots through your body!
You die...

##### ##...## ##.....##
##.......# #.........
#############......... ##
#...5@......#.........
#...####.#########.##........
#........# #.##........
#...###.## #.##.#..[#.# ##
##.## #.##.......# #
#####.########.......#### #.
#...............#..###
#..##.###.########[##..#
#...._.#.## #..##..#


You could see Grinder.

Vanquished Creatures
  2 orc priests (D:3)
  An orc wizard (D:3)
  Robin (D:3)
  3 gnolls (D:1)
  2 adders
  2 worms
  A dart slug (D:1)
  3 leopard geckos
  An orc (D:3)
  5 giant cockroaches
  23 goblins
  3 hobgoblins
  2 jackals (D:1)
  8 kobolds
  A quokka (D:2)
  11 bats
  2 frilled lizards (D:1)
  12 rats
83 creatures vanquished.

Notes
Turn   | Place    | Note
-------+----------+-------------------------------------------
     0 | D:1      | Chiseanne the Demonspawn Wizard began the quest for the Orb.
     0 | D:1      | Reached XP level 1. HP: 13/13 MP: 4/4
   268 | D:1      | Gained mutation: Your movements are slightly less encumbered by armour. (ER -2) [demonic ancestry]
   268 | D:1      | Reached XP level 2. HP: 19/19 MP: 1/6
  1005 | D:1      | Reached XP level 3. HP: 24/24 MP: 3/7
  1967 | D:1      | Reached XP level 4. HP: 24/30 MP: 9/9
  2028 | D:1      | Learned a level 2 spell: Blink
  2032 | D:1      | Learned a level 3 spell: Conjure Flame
  2036 | D:1      | Learned a level 3 spell: Mephitic Cloud
  3048 | D:2      | Found a glowing silver altar of Zin.
  3282 | D:3      | Reached XP level 5. HP: 35/35 MP: 5/11
  3610 | D:3      | Noticed Robin
  3771 | D:3      | Killed Robin
  3921 | D:3      | Found a sacrificial altar of Ru.
  3936 | D:3      | Noticed Grinder
  3944 | D:3      | Paralysed by Grinder for 4 turns
  3960 | D:3      | Paralysed by Grinder for 5 turns
  3969 | D:3      | Killed from afar by Grinder

Skill      XL: |  1  2  3  4  5 |
---------------+----------------+-----
Conjurations   | 2 3 4 |  4.0
Spellcasting   | 4 |  4.8
Dodging        | |  1.7
Stealth        | |  1.7
Summonings     | |  1.0
Translocations | |  0.8

Action                   |  1- 3 |  4- 6 || total
-------------------------+-------+-------++-------
Melee: Unarmed           |     4 |       ||     4
       Dagger            |    36 |    62 ||    98
 Cast: Magic Dart        |    66 |    84 ||   150
       Mephitic Cloud    |       |     5 ||     5
       Conjure Flame     |       |     1 ||     1
       Blink             |       |     1 ||     1
  Use: Scroll            |     1 |     4 ||     5
 Stab: Sleeping          |       |     1 ||     1
       Confused          |       |     2 ||     2
  Eat: Chunk             |     2 |     8 ||    10
Armor: Robe              |     3 |       ||     3
       Leather armour    |     4 |    20 ||    24
Dodge: Dodged            |    27 |    46 ||    73
